 Dungeon Crawl Stone Soup version 0.22.0-5-gf09313c (webtiles) character file.

224 MrElk the Ducker (level 5, 0/26 HPs)
             Began as a Spriggan Gladiator on Aug 13, 2018.
             Slain by an adder (4 damage)
             ... on level 3 of the Dungeon.
             The game lasted 00:10:20 (4950 turns).

MrElk the Ducker (Spriggan Gladiator)               Turns: 4950, Time: 00:10:21

Health: 0/26       AC:  2    Str: 10    XL:     5   Next: 67%
Magic:  6/6        EV: 22    Int:  9    God:
Gold:   70         SH:  0    Dex: 19    Spells: 4/4 levels left

rFire    . . .     SeeInvis +   a - +0 quarterstaff
rCold    . . .     Gourm    .   (shield currently unavailable)
rNeg     . . .     Faith    .   n - +0 robe
rPois    .         Spirit   .   c - +0 hat
rElec    .         Reflect  .   (no cloak)
rCorr    .         Harm     .   (gloves unavailable)
MR       .....                  (boots unavailable)
Stlth    +++.......             (no amulet)
HPRegen  0.08/turn              (no ring)
MPRegen  0.10/turn              (no ring)

@: very quick
A: very small, unfitting armour, see invisible, herbivore, speed 3, slow
metabolism 2
a: no special abilities


You were on level 3 of the Dungeon.
You were not hungry.

You visited 1 branch of the dungeon, and saw 3 of its levels.

You collected 70 gold pieces.

Inventory:

Hand Weapons
 a - a +0 quarterstaff (weapon)
Missiles
 d - 2 throwing nets
 i - 136 stones (quivered)
 m - 33 arrows
Armour
 c - a +0 hat (worn)
 n - a +0 robe (worn)
Scrolls
 b - 4 scrolls of identify {unknown}
 h - a scroll of blinking {unknown}
 j - a scroll of amnesia {unknown}
 k - 2 scrolls of remove curse {unknown}
 p - a scroll of enchant weapon {unknown}
Potions
 e - a potion of degeneration {unknown}
 g - 2 potions of brilliance {unknown}
 l - a potion of resistance {unknown}
 o - a potion of curing {unknown}
 q - a potion of flight {unknown}
Comestibles
 f - 8 rations


   Skills:
 * Level 2.2 Fighting
 + Level 3.6 Staves
 - Level 2.0 Throwing
 + Level 5.6 Dodging
 + Level 4.0 Stealth


You had 4 spell levels left.
You didn't know any spells.
Your spell library contained the following spells:

 Spells                   Type           Power        Failure   Level  Hunger
 Confuse                  Hex            #.......     77%         3    ####...
 Confusing Touch          Hex            #.....       38%         1    ##.....
 Metabolic Englaciation   Hex/Ice        #.........   100%        5    ######.
 Petrify                  Tmut/Erth      #.......     99%         4    #####..
 Gell's Gravitas          Tloc           #.........   77%         3    ####...
 Yara's Violent Unravell  Hex/Tmut       #.........   100%        5    ######.


Dungeon Overview and Level Annotations

Branches:
Dungeon (3/15)

Altars:
Dithmenos
Ru


Innate Abilities, Weirdness & Mutations

You are very small and have problems with some larger weapons.
You are too small for most types of armour.
You have supernaturally acute eyesight. (SInv)
You are a herbivore.
You cover ground extremely quickly.
You need to consume almost no food.


Message History

You sock the orc priest!
The orc priest is heavily wounded.
The adder completely misses you.
The orc throws a stone.
The stone completely misses you. The adder misses you.
The adder closely misses you. The orc priest completely misses you.
The orc closely misses you. The adder completely misses you.
You completely miss the orc priest.
The orc priest is heavily wounded.
The orc priest misses you. The orc closely misses you.
The adder completely misses you.
You sock the orc priest!
You kill the orc priest!
Your Stealth skill increases to level 4!
The adder closely misses you. The orc hits you with a mace.
* * * LOW HITPOINT WARNING * * *
The adder completely misses you.
The orc throws a stone.
The stone barely misses you. The adder bites you.
You die...

...###........## #.....# #......
#...#..#.......###.....# #......
.†.....##..............####......
#.......#......###.....#.........
##.........#....##...#.#........o
#.....##............#...........
#.....##.........o..............
#..............S.###............
#..............@(..#............
######.........#.#.#............
###.........#........>.....
###### #........<######.........
#....###.....................##.
#....##...(..............#######
#........#...........###........
#.....##.##..........# #########
#....###†#####......############


You could see an adder and an orc.

Vanquished Creatures
  An orc priest (D:3)
  3 gnolls (D:2)
  6 adders
  An ooze (D:2)
  4 leopard geckos
  3 orcs (D:3)
  8 giant cockroaches
  9 goblins
  11 hobgoblins
  9 jackals
  13 kobolds
  4 quokkas
  A ball python (D:3)
  9 bats
  3 frilled lizards
  9 rats
94 creatures vanquished.

Notes
Turn   | Place    | Note
-------+----------+-------------------------------------------
     0 | D:1      | MrElk the Spriggan Gladiator began the quest for the Orb.
     0 | D:1      | Reached XP level 1. HP: 10/10 MP: 2/2
    42 | D:1      | Reached skill level 1 in Stealth
   238 | D:1      | Reached XP level 2. HP: 7/14 MP: 3/3
   533 | D:1      | Reached skill level 5 in Dodging
   958 | D:1      | Reached XP level 3. HP: 18/18 MP: 4/4
  2223 | D:2      | Reached XP level 4. HP: 16/23 MP: 5/5
  2299 | D:2      | HP: 1/23 [gnoll/whip (7)]
  3739 | D:3      | Reached XP level 5. HP: 14/26 MP: 6/6
  4192 | D:3      | Found a sacrificial altar of Ru.
  4326 | D:3      | Found a shadowy altar of Dithmenos.
  4950 | D:3      | Slain by an adder

Skill      XL: |  1  2  3  4  5 |
---------------+----------------+-----
Stealth        | 1 3 4 |  4.0
Dodging        | 5 |  5.6
Staves         | 3 |  3.6
Fighting       | 2 |  2.2
Throwing       | |  2.0

Action                   |  1- 3 |  4- 6 || total
-------------------------+-------+-------++-------
Melee: Quarterstaff      |   172 |   144 ||   316
Throw: Throwing net      |     2 |       ||     2
       Stone             |       |    42 ||    42
 Stab: Sleeping          |     7 |     4 ||    11
  Eat: Ration            |       |     1 ||     1
Armor: Robe              |    22 |     7 ||    29
Dodge: Dodged            |   188 |   165 ||   353
